 Dungeon Crawl Stone Soup version 0.29-a0-459-g97dee8cd24 (webtiles) character file.

Game seed: 6627285069015958789

30 spiderkeys the Skirmisher (level 3, -3/29 HPs)
             Began as a Mummy Abyssal Knight on May 21, 2022.
             Was a Believer of Lugonu.
             Slain by a kobold
             ... wielding a +0 club
              (4 damage)
             ... on level 1 of the Dungeon.
             The game lasted 00:00:53 (1111 turns).

spiderkeys the Skirmisher (Mummy Abyssal Knight)    Turns: 1111, Time: 00:00:54

Health: -3/29      AC:  3    Str: 18    XL:     3   Next: 3%
Magic:  4/4        EV:  8    Int:  9    God:    Lugonu [**....]
Gold:   55         SH:  0    Dex: 12    Spells: 2/2 levels left

rFire   x . .      SeeInvis .   e - +2 short sword (venom)
rCold   + . .      Faith    .   (no shield)
rNeg    + + +      Spirit   .   b - +0 leather armour
rPois   ∞          Reflect  .   (no helmet)
rElec   .          Harm     .   (no cloak)
rCorr   .          Rampage  .   (no gloves)
Will    .....                   (no boots)
Stlth   +.........              (no amulet)
HPRegen 0.09/turn               (no ring)
MPRegen 0.09/turn               (no ring)

@: constricted
A: cold resistance 1, negative energy resistance 3, torment resistance 2, heat
vulnerability 1, in touch with death 1, no potions
a: Renounce Religion, Depart the Abyss, Bend Space


You were on level 1 of the Dungeon.
You worshipped Lugonu.
Lugonu was pleased with you.
You visited 1 branch of the dungeon, and saw 1 of its levels.
You visited the Abyss 1 time.

You collected 55 gold pieces.


Innate Abilities, Weirdness & Mutations

You are immune to poison.
Your flesh is cold resistant. (rC+)
You are immune to negative energy. (rN+++)
You are immune to unholy pain and torment.
You are vulnerable to heat. (rF-)
You are in touch with the powers of death.
You do not drink.


   Skills:
 + Level 3.3 Fighting
 + Level 2.0 Polearms
 + Level 2.0 Armour
 - Level 0.7 Dodging
 + Level 2.0 Invocations


You had 2 spell levels left.
You didn't know any spells.
Your spell library was empty.

Inventory:

Hand Weapons
 a - a +1 spear
 c - a +0 hunting sling
   (You found it on level 1 of the Dungeon)
 e - a +2 short sword of venom (weapon)
   (You took it off a kobold on level 1 of the Dungeon)
Missiles
 d - 37 stones
Armour
 b - a +0 leather armour (worn)
Scrolls
 f - a scroll of teleportation {unknown}

Dungeon Overview and Level Annotations

Branches:
Dungeon (1/15)

Altars:

##........##...#......
##.....................
#...##......#.##.......
#.....#..........>..........
#.##..#....####.............
...........####.#.#.#.....
.##..?......# #.#.#...#### #
#####.....####...#..####<
#...@.......###.###..
#!..KS...... #.#...≈
###....!.... #.#.8.≈
#......... #.#...≈
#......... #.#.♣.≈
#......... #.#...≈
.......... #.#.8.≈
.......... #.#...≈ #.#.♣.≈


You could see a ball python and a kobold.


Message History

You hit the endoplasm.
The goblin shouts!
The endoplasm barely misses you.
You hit the endoplasm.
You kill the endoplasm!
Lugonu accepts your kill.
A kobold comes into view. It is wielding a +0 club.
The kobold moves out of view.
A ball python comes into view.
There are monsters nearby!
An endoplasm comes into view.
The endoplasm quivers.
The goblin hits you with a +0 club. 😕 HP[-3]
You take 3 damage, and now have 21/24 hp.
The ball python hisses angrily.
You hit the goblin.
The goblin is poisoned.
The goblin hits you with a +0 club. 😕 HP[-2]
You take 2 damage, and now have 19/24 hp.
You hit the goblin.
You kill the goblin!
Lugonu accepts your kill.
Your Armour skill increases to level 2!
You have reached level 3!
Your experience leads to an increase in your attributes!
Increase (S)trength, (I)ntelligence, or (D)exterity?
You feel stronger. x2
You feel more in touch with the powers of death. 😕 HP[+4] MP[+1]
You now have 29 max hp (+5).
You regained 4 hp, and now have 23/29 hp.
Your mp is fully restored (4).
The kobold misses you.
Things that are here:
a +0 club; a goblin corpse You hit the kobold.
The ball python bites you but does no damage.
The ball python closely misses you.
The kobold hits you with a +0 club. 😮 HP[-3]
You take 3 damage, and now have 20/29 hp.
You are too injured to fight recklessly!
You are too injured to fight recklessly!
You are too injured to fight recklessly!
You are too injured to fight recklessly!
You are too injured to fight recklessly!
You are too injured to fight recklessly!
You are too injured to fight recklessly!
You completely miss the kobold. The ball python barely misses you.
The ball python grabs you. The ball python constricts you.
The kobold hits you but does no damage. The endoplasm freezes you.
You are frozen.
You resist. The ball python barely misses you.
The ball python constricts you. 😮 HP[-3]
You take 3 damage, and now have 17/29 hp.
You hit the endoplasm.
The endoplasm is poisoned.
The kobold hits you but does no damage. The endoplasm hits you.
* * * LOW HITPOINT WARNING * * *
The ball python bites you.
* * * LOW HITPOINT WARNING * * *
The ball python constricts you. 😨 HP[-4]
You take 4 damage, and now have 13/29 hp.
You hit the endoplasm.
You kill the endoplasm!
Lugonu accepts your kill. The ball python bites you.
* * * LOW HITPOINT WARNING * * *
The ball python constricts you.
* * * LOW HITPOINT WARNING * * *
The kobold hits you with a +0 club.
* * * LOW HITPOINT WARNING * * *
😨 HP[-4]
You take 4 damage, and now have 9/29 hp.
You closely miss the kobold. The ball python bites you.
* * * LOW HITPOINT WARNING * * *
The ball python constricts you. The kobold hits you but does no damage.
The ball python bites you but does no damage.
The ball python constricts you. 😨 HP[-1]
You take 1 damage, and now have 8/29 hp.
You miss the kobold. The kobold barely misses you. The ball python bites you.
* * * LOW HITPOINT WARNING * * *
The ball python constricts you. 😱 HP[-1]
You take 1 damage, and now have 7/29 hp.
You closely miss the kobold. The kobold hits you with a +0 club.
* * * LOW HITPOINT WARNING * * *
The ball python bites you.
* * * LOW HITPOINT WARNING * * *
The ball python constricts you.
* * * LOW HITPOINT WARNING * * *
😱 HP[-4]
You take 4 damage, and now have 3/29 hp.
You barely miss the kobold. The ball python bites you.
* * * LOW HITPOINT WARNING * * *
The ball python constricts you.
* * * LOW HITPOINT WARNING * * *
The kobold hits you with a +0 club.
You die...

Skill      XL: |  1  2 |
---------------+-------+-----
Invocations    | 2 |  2.0
Polearms       | 2 |  2.0
Armour         | 2 |  2.0
Fighting       | |  3.3
Dodging        | |  0.7

Action                   || total
-------------------------++-------
Melee: Spear             ||    53
       Short sword       ||    25
       Punch             ||     1
 Stab: Sleeping          ||     1
Armor: Leather armour    ||    26
Dodge: Dodged            ||    64

Levels and vault maps discovered:
D:1:      mainiacjoe_arrival_reflecting_pool, layout_basic, serial_aquarium,
          aquarium_bridge_square [aquarium_subvault_wall,
          aquarium_subvault_balcony, aquarium_subvault_bridge,
          aquarium_subvault_balcony], aquarium_bridge_straight
          [aquarium_subvault_bridge, aquarium_subvault_wall,
          aquarium_subvault_bridge, aquarium_subvault_balcony],
          aquarium_window_1, aquarium_window_1, aquarium_window_fake,
          aquarium_window_corridor_1, aquarium_view_2e, grunt_decor_one_mirror,
          minmay_hexomino_u4

Notes
Turn   | Place    | Note
-------+----------+-------------------------------------------
     0 | Abyss:1  | spiderkeys the Mummy Abyssal Knight began the quest for the
                  | Orb.
     0 | Abyss:1  | Reached XP level 1. HP: 18/18 MP: 2/2
     0 | Abyss:1  | magus.rc [v1.11.3]
     9 | D:1      | You pass through the gate.
     9 | D:1      | Escaped the Abyss
   163 | D:1      | Reached XP level 2. HP: 22/24 MP: 3/3
   769 | D:1      | Reached skill level 2 in Invocations
   874 | D:1      | Reached skill level 2 in Polearms
  1103 | D:1      | Reached skill level 2 in Armour
  1103 | D:1      | Gained mutation: You are in touch with the powers of death.
                  | [Mummy growth]
  1103 | D:1      | Reached XP level 3. HP: 23/29 MP: 4/4
  1109 | D:1      | HP: 7/29 [ball python (1)]
  1110 | D:1      | HP: 3/29 [constriction (1)]
  1111 | D:1      | HP: 1/29 [constriction (1)]
  1111 | D:1      | Slain by a kobold

Vanquished Creatures
  2 dart slugs (D:1)
  4 endoplasms (D:1)
  2 giant cockroaches (D:1)
  A goblin (D:1)
  2 hobgoblins (D:1)
  2 kobolds (D:1)
  A quokka (D:1)
  5 ball pythons (D:1)
  3 bats (D:1)
  2 rats (D:1)
24 creatures vanquished.

Table legend:
 A = Non-vault XP
 B = Vault XP
 C = Vault XP percentage of total XP
 D = Non-vault monster count
 E = Vault monster count
 F = Vault count percentage of total count
                 A         B        C        D         E       F
            +---------+---------+-------+---------+---------+-------
      Total |      37 |       6 |  14.0 |      20 |       4 |  16.7
            +---------+---------+-------+---------+---------+-------
        D:1 |      37 |       6 |  14.0 |      20 |       4 |  16.7
            +---------+---------+-------+---------+---------+-------

Illustrated notes

Table legend:
 A = Kills in this place as a percentage of kills in entire the game.
 B = Kills by you in this place as a percentage of kills by you in the entire game.
 C = Kills by friends in this place as a percentage of kills by friends in the entire game.
 D = Other kills in this place as a percentage of other kills in the entire game.
 E = Experience gained in this place as a percentage of experience gained in the entire game.
 F = Experience gained in this place divided by the number of levels of this place that you have seen.
                   A       B       C       D       E      F
               +-------+-------+-------+-------+-------+----------------------
         Total | 100.0 | 100.0 |   N/A |   N/A | 100.0 |  21.5
       Dungeon | 100.0 | 100.0 |   N/A |   N/A | 100.0 |  43.0
               +-------+-------+-------+-------+-------+----------------------

Table legend: (Time is in decaauts)
 A = Elapsed time spent in this place.
 B = Non-inter-level travel time spent in this place.
 C = Inter-level travel time spent in this place.
 D = Time resting spent in this place.
 E = Time spent auto-exploring this place.
 F = Levels seen in this place.
 G = Mean time per level.
                   A        B        C        D        E       F      G
               +--------+--------+--------+--------+--------+-----+--------+
         Total |   1113 |   1113 |      0 |      0 |    957 |   2 |  556.5 |
       Dungeon |   1104 |   1104 |      0 |      0 |    952 |   1 | 1104.0 |
         Abyss |      9 |      9 |      0 |      0 |      5 |   1 |    9.0 |
               +--------+--------+--------+--------+--------+-----+--------+

Top non-repeatable levels by time:
     D:1: 1104 daAuts
 Abyss:1: 9 daAuts
